 Dungeon Crawl Stone Soup version 0.31-a0-1172-g9944ec47dd (webtiles) character file.

Game seed: 3149867839825792607

88 bmb222 the Shield-Bearer (level 4, -1/37 HPs)
             Began as a Formicid Fighter on Dec 11, 2023.
             Slain by Grinder (3 damage)
             ... on level 3 of the Dungeon.
             The game lasted 00:01:54 (1649 turns).

bmb222 the Shield-Bearer (Formicid Fighter)         Turns: 1649, Time: 00:01:54

Health: -1/37      AC:  8    Str: 23    XL:     4   Next: 81%
Magic:  4/4        EV:  9    Int:  7    God:
Gold:   101        SH:  5    Dex: 13    Spells: 3/3 levels left

rFire   . . .        a - +0 war axe
rCold   . . .        c - +0 buckler
rNeg    + . .        b - +0 scale mail
rPois   .            (helmet unavailable)
rElec   .            (no cloak)
rCorr   .            (no gloves)
SInv    +            q - +0 pair of boots
Will    .....        (no amulet) Stlth
                     j - ring of positive energy
HPRegen 0.26/turn    (no ring)
MPRegen 0.09/turn

%: no passive effects
@: no status effects
A: permanent stasis, dig shafts and tunnels, antennae 3, four strong arms
a: Dig, Shaft Self


You were on level 3 of the Dungeon.
You visited 1 branch of the dungeon, and saw 3 of its levels.

You collected 101 gold pieces.

Inventory:

Hand Weapons
 a - a +0 war axe (weapon)
Missiles
 f - 8 curare-tipped darts
Armour
 b - a +0 scale mail (worn)
 c - a +0 buckler (worn)
 q - a +0 pair of boots (worn)
Jewellery
 j - a ring of positive energy (left hand)
 m - an amulet of faith
 s - a +6 ring of strength
 t - a +6 ring of intelligence
Scrolls
 e - 2 scrolls of fog {unknown}
 g - a scroll of noise {unknown}
 h - 2 scrolls of identify {unknown}
 k - a scroll of revelation {unknown}
 l - a scroll of vulnerability {unknown}
 n - a scroll of amnesia {unknown}
 p - a scroll of poison {unknown}
 r - a scroll of teleportation {unknown}
Potions
 d - a potion of might
 i - a potion of magic {unknown}
 o - a potion of mutation {unknown}
 u - a potion of invisibility {unknown}


   Skills:
 + Level 3.7 Fighting
 + Level 3.1 Axes
 + Level 3.9 Armour
 + Level 0.9 Stealth
 + Level 4.8 Shields


You had 3 spell levels left.
You didn't know any spells.
Your spell library contained the following spells:

 Spells                   Type           Power      Damage    Failure   Level
 Gell's Gravitas          Tloc           0%         N/A       99%         3
 Teleport Other           Tloc           0%         N/A       99%         3
 Summon Forest            Summ/Tloc      0%         N/A       100%        5
 Dispersal                Tloc           0%         N/A       100%        6
 Eringya's Noxious Bog    Tmut/Pois      0%         4d6       100%        6
 Summon Hydra             Summ           0%         N/A       100%        7


Dungeon Overview and Level Annotations

Branches:
Dungeon (3/15)

Altars:
Qazlal

Shops:
D:2 [

Annotations:
D:3 Grinder


Innate Abilities, Weirdness & Mutations

You cannot be hasted, slowed, berserked, paralysed or teleported.
You can dig through walls and to a lower floor.
You have a pair of large antennae on your head. (SInv)
Your four strong arms can wield two-handed weapons with a shield.


Message History

You hit Grinder.
Grinder is almost dead.
Grinder hits you but does no damage.
You barely miss Grinder.
Grinder is almost dead.
Grinder hits you.
Grinder rolls her eyes.
Grinder hits you but does no damage.
You hit Grinder but do no damage.
Grinder is almost dead.
Grinder hits you but does no damage.
You hit Grinder but do no damage.
Grinder is almost dead.
Grinder gestures at you.
You barely resist. You closely miss Grinder.
Grinder is almost dead.
Grinder hits you!
* * * LOW HITPOINT WARNING * * *
Grinder hits you.
* * * LOW HITPOINT WARNING * * *
You writhe in agony.
* * * LOW HITPOINT WARNING * * *
You barely miss Grinder.
Grinder is almost dead.
Grinder gestures at you.
Your stasis prevents you from being paralysed.
You closely miss Grinder.
Grinder is almost dead.
Grinder blinks!
Grinder blinks!
Found a stone staircase leading up.
Grinder gestures at you. You resist with significant effort.
Found a stone staircase leading down.
Grinder hits you.
* * * LOW HITPOINT WARNING * * *
You writhe in agony.
You die...
Grinder says, "Hey, I wasn't done torturing you yet!"

#############
#......<....#
#...........#
#..........># .+.
#...........# .#.
#...5@......# ..##
#...........# ...#
#...........# ...# ###
#...........+
...###.#####........$..#
...#.....†.............#
...........#...........#
.###.#####.#...........#
.###.......############


You could see Grinder.

Vanquished Creatures
  5 adders
  2 worms (D:2)
  2 dart slugs (D:1)
  3 ball pythons
  A bat (D:2)
  5 endoplasms
  4 goblins
  2 hobgoblins (D:2)
  A quokka (D:1)
  2 frilled lizards (D:2)
  6 kobolds
  2 rats
35 creatures vanquished.

Notes
Turn   | Place    | Note
-------+----------+-------------------------------------------
     0 | D:1      | bmb222 the Formicid Fighter began the quest for the Orb.
     0 | D:1      | Reached XP level 1. HP: 18/18 MP: 1/1
   191 | D:1      | Reached XP level 2. HP: 24/24 MP: 2/2
   956 | D:2      | Reached XP level 3. HP: 11/29 MP: 3/3
  1038 | D:2      | Found Deyhownu's Armour Emporium.
  1087 | D:2      | Reached XP level 4. HP: 29/36 MP: 4/4
  1274 | D:2      | Found a faded altar of an unknown god.
  1585 | D:3      | Found a stormy altar of Qazlal.
  1612 | D:3      | Noticed Grinder
  1649 | D:3      | Slain by Grinder

Illustrated notes

Levels and vault maps discovered:
D:1:      psy_arrival_conway, layout_loops_ring, chequers_big_river,
          minmay_circled_x
D:2:      layout_basic, ebering_ecumenical_altar_petrified, serial_shops,
          nicolae_square_shop, hangedman_decor_riveting
D:3:      layout_basic, nicolae_ru_path_of_blood,
          nicolae_qazlal_scattered_showers, minmay_close_crescents, uniq_grinder

Skill      XL: |  1  2  3  4 |
---------------+-------------+-----
Axes           | 3 |  3.1
Fighting       | |  3.7
Armour         | |  3.9
Stealth        | |  0.9
Shields        | |  4.8

Action                     |  1- 3 |  4- 6 || total
---------------------------+-------+-------++-------
  Melee: War axe           |    56 |    52 ||   108
 Armour: Scale mail        |    37 |    38 ||    75
  Dodge: Dodged            |    28 |    20 ||    48
  Block: Buckler           |    10 |    12 ||    22

Table legend: (Time is in decaauts)
 A = Elapsed time spent in this place.
 B = Non-inter-level travel time spent in this place.
 C = Inter-level travel time spent in this place.
 D = Time resting spent in this place.
 E = Time spent auto-exploring this place.
 F = Levels seen in this place.
 G = Mean time per level.
                   A        B        C        D        E       F      G
               +--------+--------+--------+--------+--------+-----+--------+
         Total |   1709 |   1672 |     37 |     27 |   1311 |   3 |  569.7 |
       Dungeon |   1709 |   1672 |     37 |     27 |   1311 |   3 |  569.7 |
               +--------+--------+--------+--------+--------+-----+--------+

Top non-repeatable levels by time:
     D:1: 973 daAuts
     D:2: 657 daAuts
     D:3: 78 daAuts
